 Dungeon Crawl Stone Soup version 0.26-a0-665-gefeb406119 (webtiles) character file.

Game seed: 5245449396533254737

53008 miscthings the Cleaver (level 14, -6/126 HPs)
             Began as a Palentonga Delver on Oct 14, 2020.
             Was the Champion of Makhleb.
             Mangled by a sun demon (8 damage)
             ... summoned by a kobold demonologist
             ... on level 12 of the Dungeon.
             The game lasted 00:42:39 (16604 turns).

miscthings the Cleaver (Palentonga Delver)         Turns: 16604, Time: 00:42:40

Health: -6/126     AC: 15    Str: 17    XL:     14   Next: 29%
Magic:  20/20      EV: 12    Int: 12    God:    Makhleb [******]
Gold:   1262       SH:  0    Dex: 14    Spells: 13/13 levels left

rFire    . . .     SeeInvis +   R - +6 broad axe
rCold    + . .     Faith    .   (no shield)
rNeg     . . .     Spirit   .   Y - quicksilver dragon scales
rPois    +         Reflect  .   k - +0 helmet
rElec    .         Harm     .   o - +0 cloak
rCorr    .         Rampage  .   s - +1 pair of gloves
MR       +++..                  (no barding)
Stlth    ++........             D - amulet of regeneration
HPRegen  0.71/turn              l - ring of poison resistance
MPRegen  0.17/turn              y - ring of protection from magic

@: no status effects
A: large, rugged brown scales 3, see invisible, cold resistance 1, deformed
body, MP-powered wands, roll, armoured tail
a: Rolling Charge, Minor Destruction, Lesser Servant of Makhleb, Major
Destruction, Greater Servant of Makhleb, Renounce Religion


You were on level 12 of the Dungeon.
You worshipped Makhleb.
Makhleb was exalted by your worship.
You visited 3 branches of the dungeon, and saw 19 of its levels.

You collected 1262 gold pieces.

Inventory:

Hand Weapons
 p - a +3 demon whip of draining
 R - a +6 broad axe (weapon)
Missiles
 a - 7 curare-tipped darts (quivered)
 T - a throwing net
Armour
 b - a +0 crystal plate armour
 k - a +0 helmet (worn)
 o - a +0 cloak (worn)
 s - a +1 pair of gloves (worn)
 I - the cursed +0 scale mail of Summertime {Str+4 Int+3}
   (You found it on level 1 of the Lair of Beasts)

   It affects your strength (+4).
   It affects your intelligence (+3).
   It has a curse placed upon it.
 Y - quicksilver dragon scales (worn)
Jewellery
 l - a ring of poison resistance (left hand)
 y - a ring of protection from magic (right hand)
 D - an amulet of regeneration (around neck)
 O - an uncursed ring of wizardry
 P - an uncursed ring of protection from cold
Wands
 g - a wand of digging (8)
 t - a wand of random effects (47)
 w - a wand of acid (15)
 Q - a wand of disintegration (3)
Scrolls
 c - a scroll of fog
 d - 4 scrolls of magic mapping
 e - 4 scrolls of fear
 h - 3 scrolls of enchant armour
 m - 8 scrolls of remove curse
 u - 14 scrolls of teleportation
 B - 4 scrolls of amnesia
 F - 5 scrolls of blinking
 K - 6 scrolls of identify {@r1}
 L - 4 scrolls of immolation
 N - a scroll of summoning
 X - a scroll of silence
Potions
 i - 2 potions of resistance
 r - 2 potions of flight
 v - 3 potions of stabbing
 x - 3 potions of lignification
 z - 2 potions of mutation
 A - 2 potions of heal wounds
 C - 3 potions of magic
 E - 4 potions of might
 G - 5 potions of curing
 H - 3 potions of cancellation
 J - a potion of invisibility
 M - 4 potions of berserk rage
 S - a potion of haste
 W - a potion of ambrosia
Miscellaneous
 f - a box of beasts (3/3)
 U - a phial of floods
 V - a lightning rod (4/4)


   Skills:
 + Level 9.1 Fighting
 + Level 12.6(14.1) Axes
 - Level 11.0(13.3) Maces & Flails
 + Level 3.3 Throwing
 + Level 6.9 Armour
 + Level 7.3 Dodging
 - Level 3.3 Stealth
 + Level 9.2 Invocations
 + Level 7.6 Evocations


You had 13 spell levels left.
You didn't know any spells.
Your spell library contained the following spells:

 Spells                   Type           Power        Failure   Level
 Animate Skeleton         Necr           #.....       50%         1
 Apportation              Tloc           #.....       50%         1
 Corona                   Hex            #......      50%         1
 Foxfire                  Conj/Fire      #...         50%         1
 Pain                     Necr           #...         50%         1
 Sandblast                Erth           #.....       50%         1
 Summon Small Mammal      Summ           #...         50%         1
 Ensorcelled Hibernation  Hex/Ice        #.....       63%         2
 Passwall                 Tmut/Erth      #.......     63%         2
 Confusing Touch          Hex            #.......     86%         3
 Conjure Flame            Conj/Fire      #.......     86%         3
 Gell's Gravitas          Tloc           #.........   86%         3
 Inner Flame              Hex/Fire       #.......     86%         3
 Stone Arrow              Conj/Erth      #.....       86%         3
 Vampiric Draining        Necr           #.........   86%         3
 Animate Dead             Necr           #.........   99%         4
 Hailstorm                Conj/Ice       #.......     99%         4
 Petrify                  Tmut/Erth      #.......     99%         4
 Sticky Flame             Conj/Fire      #.......     99%         4
 Agony                    Necr           #.......     100%        5
 Bolt of Magma            Conj/Fire/Erth #.........   100%        5
 Borgnjor's Vile Clutch   Necr/Erth      #.........   100%        5
 Fireball                 Conj/Fire      #.........   100%        5
 Iskenderun's Battlesphe  Conj           #.......     100%        5
 Lee's Rapid Deconstruct  Erth           #.........   100%        5
 Metabolic Englaciation   Hex/Ice        #.........   100%        5
 Yara's Violent Unravell  Hex/Tmut       #.........   100%        5
 Iron Shot                Conj/Erth      #.........   100%        6
 Orb of Destruction       Conj           #.........   100%        7
 Spellforged Servitor     Conj/Summ      #.........   100%        7


Dungeon Overview and Level Annotations

Branches:
Dungeon (12/15)            Temple (1/1) D:5            Lair (6/6) D:10
  Swamp (0/4) Lair:2       Spider (0/4) Lair:2        Slime (0/5) Lair:6
    Orc (0/2) D:12

Altars:
Ashenzari
Cheibriados
Dithmenos
Elyvilon
Fedhas
Gozag
Hepliaklqana
Kikubaaqudgha
Makhleb
Nemelex Xobeh
Okawaru
Qazlal
Ru
Sif Muna
Trog
Uskayaw
Vehumet
Wu Jian
Xom
Yredelemnul
Zin
The Shining One

Shops:
D:5 (   D:6 :   D:12 [

Portals:
Trove: D:10 (give 9 potions of haste)

Annotations:
D:5 3 runed translucent doors, MrDNA's ghost, weakling OpDe
Lair:5 1 runed translucent door, Tialis's ghost, journeyman GnWz


Innate Abilities, Weirdness & Mutations

You are completely covered in rugged brown scales. (AC +3, +7% HP)
You have supernaturally acute eyesight. (SInv)
Armour fits poorly on your strangely shaped body.
You can roll at foes to attack.
You have a long armoured tail.
Your flesh is cold resistant. (rC+)
You expend magic power (3 MP) to strengthen your wands.


Message History

The sun demon barely misses you.
You barely miss the kobold demonologist.
The kobold demonologist is heavily wounded.
You hit the sun demon. You slash the sixfirhy!
You kill the sixfirhy!
You slash the cyclops!
The kobold demonologist hits you but does no damage.
The cyclops misses you.
The sun demon hits you but does no damage.
You hit the cyclops but do no damage.
The cyclops is severely wounded.
You closely miss the kobold demonologist.
You slash the sun demon! You hit the ice devil but do no damage.
The shadow imp disappears in a puff of smoke!
The orc closely misses you. The ice devil hits you!
* * * LOW HITPOINT WARNING * * *
The ice devil freezes you! You resist.
* * * LOW HITPOINT WARNING * * *
The sun demon hits you!
You die...

#........#
#........#
#........###
#..........
#........#
#........#
#........#
#....<...######
#......@4oK....
####.#CK3K...$.
#...55K5....
##..$.5.>.∩.
##.........
....$...$.
..........
.........(#


You could see a sun demon (summoned), a cyclops, an ice devil (summoned), 2
kobold demonologists, a quasit (summoned), a white imp (summoned), 2 shadow
imps, an orc and 2 kobolds.

Vanquished Creatures
  Snorg (Lair:3)
  3 hydras
  3 boulder beetles
  Fannar (Lair:3)
  A catoblepas (Lair:4)
  2 two-headed ogres
  A death yak (Lair:2)
  Sonja (Lair:3)
  A lindwurm (Lair:4)
  2 ugly things (D:11)
  A cyclops (D:10)
  A manticore (D:11)
  2 black mambas
  8 elephants
  23 cane toads
  A gargoyle (D:11)
  2 torpor snails
  4 rime drakes
  7 komodo dragons
  A troll (D:11)
  3 polar bears (Lair:5)
  4 tyrant leeches (Lair:6)
  A hornet (D:11)
  Prince Ribbit (Lair:3)
  11 dream sheep (Lair:6)
  37 blink frogs
  Sigmund (D:6)
  2 redbacks (Lair:2)
  A wraith (D:11)
  7 wyverns
  35 yaks
  A vampire (D:11)
  A basilisk (Lair:2)
  6 vampire mosquitoes (Lair:6)
  An acid dragon (D:11)
  16 water moccasins
  A black bear (D:10)
  3 orc warriors
  6 sky beasts
  6 wolves
  An ice beast (D:6)
  2 phantoms
  3 ogres
  A necrophage (D:11)
  2 eyes of draining
  4 centaurs
  3 big kobolds
  31 bullfrogs
  5 scorpions
  4 wyvern skeletons
  3 killer bees (D:7)
  5 wights
  2 electric eels (Lair:6)
  4 howler monkeys
  A centaur zombie (D:10)
  2 bullfrog zombies
  14 jellies
  5 orc wizards
  6 human zombies (D:10)
  2 orc priests
  3 bullfrog skeletons
  4 hounds
  2 human skeletons (D:10)
  Jessica (D:3)
  2 iguanas
  Ijyb (D:4)
  12 worker ants
  A hound zombie (D:6)
  A hound skeleton (D:7)
  A mummy (D:10)
  A worker ant zombie (D:10)
  A howler monkey skeleton (D:10)
  4 gnolls
  10 adders
  3 shadow imps
  6 white imps
  4 ufetubi
  3 oozes
  3 adder skeletons
  4 worms
  6 dart slugs
  6 leopard geckos
  39 orcs
  3 ball pythons
  2 bats
  4 giant cockroaches
  3 goblins
  4 hobgoblins
  18 jackals
  6 quokkas
  3 frilled lizards
  19 kobolds
  A leopard gecko skeleton (D:4)
  2 orc zombies (D:10)
  7 rats
500 creatures vanquished.

Vanquished Creatures (collateral kills)
  Harold (D:9)
  Urug (Lair:1)
  3 yaks (Lair:1)
5 creatures vanquished.

Vanquished Creatures (others)
  A quokka (D:3)
  12 fungi
  103 plants
116 creatures vanquished.

Grand Total: 621 creatures vanquished

Notes
Turn   | Place    | Note
-------+----------+-------------------------------------------
     0 | D:5      | miscthings the Palentonga Delver began the quest for the
                  | Orb.
     0 | D:5      | Reached XP level 1. HP: 20/20 MP: 1/1
    15 | D:5      | Reached skill level 3 in Axes
    15 | D:5      | Reached XP level 2. HP: 12/27 MP: 2/2
    20 | Temple   | Entered the Ecumenical Temple
   140 | Temple   | Became a worshipper of Makhleb the Destroyer
   194 | D:4      | Reached XP level 3. HP: 18/33 MP: 3/3
   197 | D:4      | Reached skill level 4 in Axes
   504 | D:5      | Noticed a sky beast
   518 | D:5      | Killed a sky beast
   518 | D:5      | Reached skill level 5 in Axes
   518 | D:5      | Reached XP level 4. HP: 40/40 MP: 4/4
   518 | D:5      | Reached XP level 5. HP: 48/48 MP: 5/5
   574 | D:5      | Found a runed translucent gate.
   574 | D:5      | Found a runed translucent gate.
   574 | D:5      | Found a runed translucent gate.
   574 | D:5      | Noticed MrDNA's ghost (weakling OpDe)
   575 | D:5      | Identified the cursed +3 short sword of Due Proportion
                  | {pain, rPois}
   736 | D:5      | Found Rupocw's Antique Weapon Emporium.
   741 | D:5      | Noticed a sky beast
   746 | D:5      | Killed a sky beast
   746 | D:5      | Reached skill level 6 in Axes
   746 | D:5      | Reached XP level 6. HP: 54/54 MP: 6/6
  1010 | D:3      | Reached * piety under Makhleb
  1421 | D:2      | Found a glowing silver altar of Zin.
  2305 | D:1      | Reached skill level 7 in Axes
  2868 | D:3      | Found a sparkling altar of Nemelex Xobeh.
  3133 | D:3      | Noticed Jessica
  3138 | D:3      | Killed Jessica
  3374 | D:3      | Reached ** piety under Makhleb
  3695 | D:4      | Reached XP level 7. HP: 34/60 MP: 7/7
  3726 | D:4      | Reached skill level 8 in Axes
  3733 | D:4      | Noticed Ijyb
  3781 | D:4      | HP: 1/60 [Ijyb/+8 club (7)]
  3797 | D:4      | HP: 2/60 [Ijyb/+8 club (7)]
  3808 | D:4      | Killed Ijyb
  4697 | D:6      | Noticed Sigmund
  4700 | D:6      | Reached skill level 9 in Axes
  4716 | D:6      | Killed Sigmund
  4716 | D:6      | Reached XP level 8. HP: 27/67 MP: 8/8
  4917 | D:6      | Reached skill level 10 in Axes
  5019 | D:6      | Found an iron altar of Okawaru.
  5490 | D:6      | Found Viennure's Book Boutique.
  5755 | D:7      | Found a shadowy altar of Dithmenos.
  5828 | D:7      | Found a hide-covered altar of Uskayaw.
  5832 | D:7      | Noticed a +0 dagger
  5832 | D:7      | Noticed a +0 hand axe
  5906 | D:7      | Reached skill level 11 in Axes
  5906 | D:7      | Reached skill level 1 in Invocations
  5910 | D:7      | Reached skill level 1 in Evocations
  6024 | D:7      | Identified the Tome of Cold and Stones
  6044 | D:7      | Found a shimmering altar of Xom.
  6055 | D:7      | Reached skill level 1 in Armour
  6205 | D:7      | Reached XP level 9. HP: 74/74 MP: 10/10
  6240 | D:7      | Reached *** piety under Makhleb
  6361 | D:7      | Found a blossoming altar of Fedhas.
  7193 | D:8      | Noticed a two-headed ogre
  7205 | D:8      | Killed a two-headed ogre
  7239 | D:8      | Gained mutation: You expend magic power (3 MP) to
                  | strengthen your wands. [potion of mutation]
  7239 | D:8      | Gained mutation: Your flesh is cold resistant. (rC+)
                  | [potion of mutation]
  7673 | D:8      | Found an ornate altar of the Wu Jian Council.
  7763 | D:8      | Noticed an eight-headed hydra
  7818 | D:8      | Killed an eight-headed hydra
  7818 | D:8      | Reached skill level 5 in Fighting
  7818 | D:8      | Reached XP level 10. HP: 70/86 MP: 0/13
  7947 | D:8      | Found a snail-covered altar of Cheibriados.
  8065 | D:9      | Noticed Harold
  8088 | D:9      | Killed Harold
  8641 | D:10     | Entered Level 10 of the Dungeon
  8672 | D:10     | Reached skill level 1 in Maces & Flails
  8676 | D:10     | Reached **** piety under Makhleb
  8742 | D:10     | Noticed a cyclops
  8754 | D:10     | Killed a cyclops
  9006 | D:10     | Noticed a boulder beetle
  9138 | D:10     | Found a staircase to the Lair.
  9173 | D:10     | Reached skill level 5 in Maces & Flails
  9188 | D:10     | Killed a boulder beetle
  9247 | D:10     | Found a portal to a secret trove of treasure.
  9622 | D:10     | Reached XP level 11. HP: 94/94 MP: 14/14
  9663 | D:10     | Found a basalt altar of Yredelemnul.
  9730 | D:11     | Noticed a green ugly thing
  9742 | D:11     | Killed a green ugly thing
  9765 | D:11     | Noticed a red ugly thing
  9799 | D:11     | Killed a red ugly thing
  9883 | D:11     | Reached ***** piety under Makhleb
  9903 | D:11     | Noticed a two-headed ogre
  9927 | D:11     | Noticed a boulder beetle
 10012 | D:11     | Found a shadowy altar of Dithmenos.
 10443 | D:11     | Killed a boulder beetle
 10591 | D:11     | Killed a two-headed ogre
 10591 | D:11     | Reached skill level 5 in Invocations
 10772 | Lair:1   | Entered Level 1 of the Lair of Beasts
 10917 | Lair:1   | Reached skill level 10 in Maces & Flails
 10994 | Lair:1   | Identified the cursed +0 scale mail of Summertime {Str+4
                  | Int+3} (You found it on level 1 of the Lair of Beasts)
 11422 | Lair:1   | Noticed Urug
 11453 | Lair:1   | Killed Urug
 11577 | Lair:1   | Reached XP level 12. HP: 100/102 MP: 16/16
 12159 | Lair:2   | Found a hole to the Spider Nest.
 12238 | Lair:2   | Reached skill level 5 in Evocations
 12244 | Lair:2   | Reached skill level 5 in Dodging
 12303 | Lair:2   | Found a staircase to the Swamp.
 12306 | Lair:2   | Noticed a death yak
 12328 | Lair:2   | Killed a death yak
 12361 | Lair:2   | Noticed an eight-headed hydra
 12376 | Lair:2   | Killed an eight-headed hydra
 12484 | Lair:2   | Reached skill level 5 in Armour
 12856 | Lair:3   | Noticed Prince Ribbit
 12885 | Lair:3   | Killed Prince Ribbit
 13067 | Lair:3   | Noticed Sonja
 13079 | Lair:3   | Killed Sonja
 13192 | Lair:3   | Noticed Snorg
 13203 | Lair:3   | Killed Snorg
 13265 | Lair:3   | Noticed Fannar
 13294 | Lair:3   | Killed Fannar
 13294 | Lair:3   | Reached XP level 13. HP: 113/113 MP: 18/18
 13721 | Lair:4   | Reached skill level 1 in Throwing
 13848 | Lair:4   | Reached skill level 12 in Axes
 14265 | Lair:5   | Found a runed translucent door.
 14266 | Lair:5   | Found a shimmering altar of Xom.
 14266 | Lair:5   | Noticed Tialis's ghost (journeyman GnWz)
 14603 | Lair:5   | Reached ****** piety under Makhleb
 15101 | Lair:6   | Entered Level 6 of the Lair of Beasts
 15592 | Lair:6   | Reached XP level 14. HP: 108/124 MP: 4/20
 15812 | Lair:6   | Found a staircase to the Slime Pits.
 16578 | D:12     | Found a staircase to the Orcish Mines.
 16579 | D:12     | Found Raodush's Armour Emporium.
 16604 | D:12     | HP: 2/126 [ice devil[a kobold demonologist] (10)]
 16604 | D:12     | Mangled by a sun demon

Illustrated notes

Levels and vault maps discovered:
D:1:      psy_arrival_spokes, layout_basic
D:2:      layout_basic, zin_scriptorium, serial_bayou_lagoon_a,
          chequers_big_river
D:3:      layout_loops_corners, nemelex_xobeh_ov_fountains_minmay,
          kennysheep_path_1, uniq_jessica
D:4:      layout_cave_pools, minmay_fountain_box, uniq_ijyb
D:5:      layout_gridville, minmay_temple_entry_slanted, serial_shops,
          shop_statue, gammafunk_ghost_nasty_kobolds
D:6:      layout_cave_pools, okawaru_altar_gauntlet_db, serial_shops, shop,
          uniq_sigmund
D:7:      layout_layer_cave, dancing_weapons_uskayaw, marbit_many_paths,
          hangedman_feature_mirror
D:8:      layout_loops_ring, kennysheep_mini_moat, kennysheep_little_box,
          minivault_25
D:9:      layout_rooms, uniq_harold
D:10:     layout_loops_ring, lair_entry_dummy, enter_trove_3,
          lemuel_mausoleum_altar_yredelemnul
D:11:     layout_irregular_city, basic_altar, minmay_radiant
D:12:     layout_roguey, orc_david_3
Temple:   regret_index_temple_waves
Lair:1:   layout_layer_cave, uniq_urug
Lair:2:   layout_concentric_octagons, swamp_mist_pool, spider_nest_entry_a,
          grunt_megastairs_4
Lair:3:   layout_regular_city, uniq_snorg, uniq_prince_ribbit2, uniq_fannar,
          uniq_sonja
Lair:4:   layout_big_grid, grunt_megastairs_5
Lair:5:   layout_long_grid, ebering_ghost_xom
Lair:6:   minmay_lair_end_frog_pond, layout_regular_city,
          minmay_slime_entry_jelly_boxes, serial_bayou_shore_a

Skill      XL: |  1  2  3  4  5  6  7  8  9 10 11 12 13 14 |
---------------+-------------------------------------------+-----
Axes           | 3 5 6 7 9 11 12 | 12.6
Invocations    | 1 4 5 7 8 9 |  9.2
Evocations     | 1 3 4 6 7 |  7.6
Armour         | 1 3 4 5 6 |  6.9
Dodging        | 2 3 4 6 7 |  7.3
Fighting       | 5 6 7 8 9 |  9.1
Maces & Flails | 6 10 11 | 11.0
Throwing       | 2 3 |  3.3
Stealth        | |  3.3

Action                   |  1- 3 |  4- 6 |  7- 9 | 10-12 | 13-15 || total
-------------------------+-------+-------+-------+-------+-------++-------
Melee: Hand axe          |     9 |    69 |    37 |       |       ||   115
       Tailslap          |       |    20 |    44 |   140 |   104 ||   308
       War axe           |       |   111 |    13 |       |       ||   124
       Club              |       |       |   337 |   594 |       ||   931
       Whip              |       |       |     3 |       |       ||     3
       Demon whip        |       |       |       |   314 |   705 ||  1019
       Broad axe         |       |       |       |       |    49 ||    49
Throw: Dart              |       |     1 |       |    13 |     1 ||    15
Invok: Lesser Servant of |       |       |       |     6 |       ||     6
 Abil: Rolling Charge    |     1 |    11 |     8 |     6 |     1 ||    27
Evoke: Wand              |     6 |     2 |    14 |    15 |    21 ||    58
       Lightning rod     |       |       |       |     6 |     5 ||    11
       Phial of floods   |       |       |       |     1 |     1 ||     2
  Use: Scroll            |       |     6 |    15 |    13 |     3 ||    37
       Potion            |       |       |     6 |     1 |     1 ||     8
 Stab: Sleeping          |     1 |     3 |       |     1 |     2 ||     7
       Distracted        |       |       |       |     1 |       ||     1
       Confused          |       |       |       |       |     1 ||     1
Armor: Leather armour    |     2 |    45 |       |       |       ||    47
       Ring mail         |       |    21 |    11 |       |       ||    32
       Crystal plate arm |       |       |   297 |   286 |       ||   583
       Quicksilver drago |       |       |       |   120 |   295 ||   415
Dodge: Dodged            |     3 |    78 |    37 |   141 |   366 ||   625

Table legend: (Time is in decaauts)
 A = Elapsed time spent in this place.
 B = Non-inter-level travel time spent in this place.
 C = Inter-level travel time spent in this place.
 D = Time resting spent in this place.
 E = Time spent auto-exploring this place.
 F = Levels seen in this place.
 G = Mean time per level.
                   A        B        C        D        E       F      G
               +--------+--------+--------+--------+--------+-----+--------+
         Total |  16063 |  15233 |    830 |   1790 |   9045 |  19 |  845.4 |
       Dungeon |  10685 |  10102 |    583 |   1524 |   5845 |  12 |  890.4 |
        Temple |    152 |    107 |     45 |      0 |      2 |   1 |  152.0 |
          Lair |   5225 |   5024 |    201 |    265 |   3198 |   6 |  870.8 |
               +--------+--------+--------+--------+--------+-----+--------+

Top non-repeatable levels by time:
     D:7: 1375 daAuts
     D:3: 1311 daAuts
  Lair:1: 1230 daAuts
  Lair:6: 1174 daAuts
    D:11: 1084 daAuts
    D:10: 1072 daAuts
     D:6: 1067 daAuts
     D:8: 1007 daAuts
     D:4: 939 daAuts
     D:5: 898 daAuts
     D:2: 860 daAuts
  Lair:4: 733 daAuts
  Lair:3: 715 daAuts
  Lair:5: 709 daAuts
  Lair:2: 661 daAuts
